 Dungeon Crawl Stone Soup version 0.31.0-32-g396128a36d (webtiles) character file.

Game seed: 18217320104609068596

4127 Silvore the Basher (level 10, -7/86 HPs)
             Began as a Minotaur Fighter on Mar 23, 2024.
             Was a Follower of the Shining One.
             Mangled by a gnoll sergeant
             ... wielding a +0 glaive
              (13 damage)
             ... in a bailey.
             The game lasted 00:10:29 (7550 turns).

Silvore the Basher (Minotaur Fighter)               Turns: 7550, Time: 00:10:30

Health: -7/86      AC: 11    Str: 25    XL:     10   Next: 6%
Magic:  9/9        EV: 10    Int:  5    God:    the Shining One [*.....]
Gold:   395        SH:  8    Dex: 10    Spells: 9/9 levels left

rFire   . . .        d - +2 mace
rCold   . . .        c - +3 buckler
rNeg    . . .        l - +0 chain mail
rPois   .            (helmet restricted)
rElec   .            (no cloak)
rCorr   .            (no gloves)
SInv    .            (no boots)
Will    .....        (no amulet) Stlth
                     (no ring)
HPRegen 0.34/turn    (no ring)
MPRegen 0.11/turn

%: no passive effects
@: on berserk cooldown, slowed, glowing, very slow
A: horns 2, retaliatory headbutt
a: Renounce Religion, Divine Shield


You were in a bailey.
You worshipped the Shining One.
The Shining One was aware of your devotion.
You visited 2 branches of the dungeon, and saw 8 of its levels.
You also visited: Sewer and Bailey.

You collected 395 gold pieces.

Inventory:

Hand Weapons
 a - a +0 flail
 d - a +2 mace (weapon)
 y - a +1 mace
Missiles
 k - 5 throwing nets (quivered)
Armour
 b - a +0 scale mail
 c - a +3 buckler (worn)
 l - a +0 chain mail (worn)
Jewellery
 j - a ring of fire
Wands
 p - a wand of roots (3)
Scrolls
 f - a scroll of fog
 g - a scroll of amnesia
 r - a scroll of enchant armour
Potions
 e - 6 potions of brilliance
 h - 3 potions of attraction
 i - a potion of invisibility
 m - a potion of mutation {unknown}
 o - a potion of heal wounds {unknown}
 q - a potion of magic {unknown}
 s - a potion of berserk rage
 t - a potion of curing {unknown}
 u - 2 potions of ambrosia
 w - a potion of resistance {unknown}
 x - 3 potions of degeneration


   Skills:
 + Level 7.4 Fighting
 + Level 10.7 Maces & Flails
 + Level 9.7 Armour
 + Level 4.2 Dodging
 + Level 0.8 Stealth
 + Level 7.8 Shields


You had 9 spell levels left.
You didn't know any spells.
Your spell library contained the following spells:

 Spells                   Type           Power      Damage    Failure   Level
 Magic Dart               Conj           0%         1d3       94%         1
 Necrotise                Necr           0%         1d4       94%         1
 Blink                    Tloc           0%         N/A       98%         2
 Call Imp                 Summ           0%         N/A       98%         2
 Lesser Beckoning         Tloc           0%         N/A       98%         2
 Dazzling Flash           Conj/Hex       0%         N/A       100%        3
 Gell's Gravitas          Tloc           0%         N/A       100%        3
 Mephitic Cloud           Conj/Alch/Air  0%         N/A       100%        3
 Teleport Other           Tloc           0%         N/A       100%        3
 Vampiric Draining        Necr           0%         2d6       100%        3
 Volatile Blastmotes      Fire/Tloc      0%         2d10      100%        3
 Martyr's Knell           Necr/Summ      0%         N/A       100%        4
 Curse of Agony           Necr           0%         N/A       100%        5
 Silence                  Hex/Air        0%         N/A       100%        5
 Starburst                Conj/Fire      0%         6d3       100%        6
 Maxwell's Capacitive Co  Air            0%         ∞         100%        8


Dungeon Overview and Level Annotations

Branches:
Dungeon (7/15)             Temple (1/1) D:4           Sewer (visited)
 Bailey (1/1)

Altars:
Ashenzari
Cheibriados
Dithmenos
Elyvilon
Fedhas
Gozag
Hepliaklqana
Kikubaaqudgha
Makhleb
Nemelex Xobeh
Okawaru
Qazlal
Ru
Sif Muna
Trog
Uskayaw
Vehumet
Wu Jian
Xom
Yredelemnul
The Shining One

Shops:
D:1 *


Innate Abilities, Weirdness & Mutations

You have a pair of horns on your head.
You reflexively headbutt those who attack you in melee.


Message History

* * * LOW HITPOINT WARNING * * *
The gnoll hits you but does no damage.
The gnoll sergeant is no longer moving quickly.
The gnoll barely misses you. The gnoll sergeant misses you.
The gnoll bouda hits you but does no damage.
The gnoll hits you but does no damage. The gnoll closely misses you.
You furiously retaliate!
You headbutt the gnoll!
You kill the gnoll!
The gnoll sergeant hits you from afar with a +0 glaive.
* * * LOW HITPOINT WARNING * * *
The gnoll sergeant hits you from afar with a +0 halberd!
* * * LOW HITPOINT WARNING * * *
The gnoll hits you with a +0 spear.
* * * LOW HITPOINT WARNING * * *
The gnoll closely misses you.
The gnoll sergeant hits you from afar with a +0 glaive!
The Shining One protects you from harm! You block the gnoll bouda's attack.
You block the gnoll's attack. The gnoll sergeant closely misses you.
You see here a wolf corpse.
The gnoll is no longer moving quickly. x2
The gnoll hits you but does no damage.
The gnoll sergeant attacks as it pursues you!
You block the gnoll sergeant's attack. The gnoll misses you.
Things that are here:
a throwing net; a +0 spear; a +0 ring mail The gnoll is no longer moving quickly.
The gnoll sergeant barely misses you.
The gnoll bouda attacks as it pursues you!
You block the gnoll bouda's attack. The gnoll sergeant barely misses you.
The gnoll sergeant closely misses you.
The gnoll sergeant hits you but does no damage.
There is an open door here.
As you read the scroll of fog, it dissolves into smoke.
You block the gnoll's attack.
The gnoll sergeant hits you from afar with a +0 halberd.
* * * LOW HITPOINT WARNING * * *
The gnoll sergeant hits you from afar with a +0 glaive.
* * * LOW HITPOINT WARNING * * *
The gnoll sergeant hits you from afar with a +0 glaive!
You die...

##.)...##...#
#..)))..#...#
#...8...#...#
#.......#...#
##.....##...#
##...##g...#
##'##ggg.8#
#..§#§gg..#
+..§@§g..##
#.§§#§g.##
#...#####
......
........
≈≈≈≈≈≈≈≈≈≈
♣♣♣♣♣♣♣♣♣♣


You could see 3 gnoll sergeants, a gnoll bouda and 4 gnolls.

Vanquished Creatures
  Pikel (D:6)
  A steam dragon (D:7)
  The ghost of Wolfey the Shield-Bearer, an amateur OpFi (D:3)
  A water moccasin (D:6)
  Pargi (Sewer)
  An orc warrior (D:6)
  3 black bears
  An ice beast (D:5)
  A wolf (Bailey)
  2 ogres (D:4)
  3 centaurs
  A lemure (D:6)
  Blork the orc (D:5)
  2 gnoll sergeants (Bailey)
  A bullfrog (D:5)
  6 scorpions
  4 wights (D:6)
  3 howler monkeys
  2 bombardier beetles
  3 orc priests
  9 hounds
  A jelly (D:4)
  3 gnoll boudas
  3 sleepcaps
  Terence (D:2)
  An iguana (D:5)
  4 orc wizards
  28 gnolls
  10 adders
  A river rat (D:3)
  A shadow imp (D:6)
  A white imp (D:6)
  4 ufetubi (D:6)
  4 dart slugs
  2 ribbon worms (D:3)
  39 orcs
  5 bats
  3 endoplasms (D:1)
  9 giant cockroaches
  6 goblins
  5 hobgoblins
  25 jackals
  4 quokkas
  5 ball pythons
  2 frilled lizards (D:2)
  11 kobolds
  7 rats
233 creatures vanquished.

Notes
Turn   | Place    | Note
-------+----------+-------------------------------------------
     0 | D:1      | Silvore the Minotaur Fighter began the quest for the Orb.
     0 | D:1      | Reached XP level 1. HP: 19/19 MP: 0/0
   219 | D:1      | Found Liefimo's General Store.
   288 | D:1      | Reached XP level 2. HP: 27/27 MP: 1/1
   844 | D:2      | Reached XP level 3. HP: 33/33 MP: 2/2
   848 | D:2      | Reached skill level 3 in Maces & Flails
  1066 | D:2      | Noticed Terence
  1081 | D:2      | Killed Terence
  1082 | D:2      | Reached XP level 4. HP: 23/40 MP: 3/3
  1412 | D:2      | Reached skill level 4 in Maces & Flails
  1661 | D:3      | Reached XP level 5. HP: 46/46 MP: 4/4
  1685 | D:3      | Found a glowing drain.
  1692 | Sewer    | Entered a sewer
  1770 | Sewer    | Noticed Pargi
  1782 | Sewer    | Killed Pargi
  1783 | Sewer    | Reached skill level 5 in Maces & Flails
  1783 | Sewer    | Reached skill level 1 in Dodging
  2106 | D:3      | Reached XP level 6. HP: 52/52 MP: 5/5
  2269 | D:3      | Reached skill level 6 in Maces & Flails
  2447 | D:3      | Found a runed translucent door.
  2500 | D:3      | Found a runed translucent door.
  2506 | D:3      | Noticed Wolfey's ghost (amateur OpFi)
  2532 | D:3      | Killed Wolfey's ghost
  2533 | D:3      | Reached skill level 5 in Armour
  2759 | D:3      | Reached XP level 7. HP: 60/60 MP: 6/6
  2919 | D:4      | Reached skill level 5 in Shields
  3034 | D:4      | Reached skill level 7 in Maces & Flails
  3045 | D:4      | Reached skill level 5 in Fighting
  3407 | D:4      | Reached XP level 8. HP: 39/68 MP: 7/7
  3436 | D:4      | Found a staircase to the Ecumenical Temple.
  3688 | D:4      | Reached skill level 8 in Maces & Flails
  4273 | D:4      | Found a basalt altar of Yredelemnul.
  4273 | D:4      | Found a blossoming altar of Fedhas.
  4634 | D:5      | Entered Level 5 of the Dungeon
  4634 | D:5      | Noticed Blork the orc
  4646 | D:5      | Killed Blork the orc
  4647 | D:5      | Reached skill level 9 in Maces & Flails
  4980 | D:5      | Reached XP level 9. HP: 71/75 MP: 8/8
  5699 | Temple   | Entered the Ecumenical Temple
  5704 | Temple   | Became a worshipper of the Shining One
  6512 | D:6      | Reached * piety under the Shining One
  6516 | D:6      | Noticed Pikel
  6546 | D:6      | Killed Pikel
  6547 | D:6      | Reached skill level 10 in Maces & Flails
  7135 | D:7      | Found a flagged portal.
  7160 | Bailey   | Entered a bailey
  7319 | Bailey   | Reached XP level 10. HP: 50/86 MP: 9/9
  7547 | Bailey   | The Shining One protects you from harm!
  7550 | Bailey   | Mangled by a gnoll sergeant

Illustrated notes

Levels and vault maps discovered:
D:1:      dpeg_arrival_castle, layout_loops_ring, serial_shops,
          nicolae_shop_back_alley_shop, kennysheep_nondescript,
          chequers_serial_rivers_small_a, bh_walls_and_bars
D:2:      minmay_spotlight, layout_basic, uniq_terence
D:3:      layout_loops_corners, ebering_ghost_sewer_f, gup_sewer_entry_bubbles,
          st_stairs_11
D:4:      lemuel_castle_with_subvaults [lemuel_castle_interior_carwin_2],
          layout_loops_corners, nicolae_overflow_two_pavilions,
          minmay_temple_entry_from_below_b, hangedman_decor_lopped
D:5:      layout_gridville, minmay_fractal_squares_diagonal_5,
          uniq_blork_the_orc
D:6:      layout_rooms, minivault_19, kennysheep_donut, kennysheep_minor_cross,
          uniq_pikel
D:7:      layout_loops_corners, lightli_bailey_entry_fortress, uniq_maggie
Temple:   compressed_dpeg_triangle_lava_temple
Bailey:   bailey_polearm_gnolls_kennysheep, bailey

Skill      XL: |  1  2  3  4  5  6  7  8  9 |
---------------+----------------------------+-----
Armour         | 4 5 6 7 9 |  9.7
Fighting       | 4 5 6 7 |  7.4
Shields        | 4 5 6 7 |  7.8
Maces & Flails | 3 4 5 6 7 9 10 | 10.7
Dodging        | 1 3 4 |  4.2
Stealth        | |  0.8

Action                     |  1- 3 |  4- 6 |  7- 9 | 10-12 || total
---------------------------+-------+-------+-------+-------++-------
  Melee: Flail             |    72 |   147 |   239 |       ||   458
         Headbutt          |     8 |    16 |    83 |     6 ||   113
         Mace              |       |       |   150 |    20 ||   170
    Use: Potion            |       |     1 |     2 |     1 ||     4
         Scroll            |       |       |    20 |     1 ||    21
 Armour: Scale mail        |    31 |       |       |       ||    31
         Chain mail        |    23 |   143 |   396 |    44 ||   606
  Dodge: Dodged            |    33 |    60 |   234 |    38 ||   365
  Block: Buckler           |    15 |    39 |   164 |    26 ||   244
